 Dungeon Crawl Stone Soup version 0.27-a0-836-gfc908b8576 (webtiles) character file.

Game seed: 13506820648178127679

4332 polve the Grappler (level 10, -28/90 HPs)
             Began as a White Draconian Transmuter on Apr 1, 2021.
             Annihilated by a boulder beetle (46 damage)
             ... on level 7 of the Dungeon.
             The game lasted 00:13:56 (12233 turns).

polve the Grappler (White Draconian Transmuter)    Turns: 12233, Time: 00:13:57

Health: -28/90     AC:  9    Str: 13    XL:     10   Next: 12%
Magic:  0/22       EV: 12    Int: 17    God:
Gold:   454        SH:  0    Dex: 11    Spells: 10/13 levels left

rFire    . . .     SeeInvis .     - Unarmed
rCold    + . .     Faith    .   (no shield)
rNeg     . . .     Spirit   +   (armour unavailable)
rPois    +         Reflect  .   (helmet currently unavailable)
rElec    .         Harm     .   g - +1 cloak
rCorr    .         Rampage  .   (no gloves)
Will     .....                  (boots currently unavailable)
Stlth    +.........             l - amulet of guardian spirit
HPRegen  0.25/turn              a - ring of poison resistance
MPRegen  0.18/turn              o - ring of magical power

@: short of breath, appendages (expiring)
A: horns 2, talons 2, breathe frost, AC +7, unfitting armour, cold resistance 1,
cold-blooded
a: Breathe Frost, End Transformation


You were on level 7 of the Dungeon.
You had temporarily grown beastly horns and talons.
You visited 2 branches of the dungeon, and saw 11 of its levels.

You collected 454 gold pieces.

Inventory:

Armour
 g - a +1 cloak (worn)
 q - a +0 pair of gloves
Jewellery
 a - a ring of poison resistance (left hand)
 l - an amulet of guardian spirit (around neck)
 o - a ring of magical power (right hand)
 t - a ring of willpower
Wands
 f - a wand of iceblast (2)
 j - a wand of flame (31)
 z - a wand of paralysis (8)
Scrolls
 b - 7 scrolls of identify {unknown}
 c - 3 scrolls of fear {unknown}
 d - 2 scrolls of amnesia {unknown}
 e - 2 scrolls of vulnerability {unknown}
 h - 2 scrolls of noise {unknown}
 i - a scroll of fog {unknown}
 k - a scroll of holy word {unknown}
 m - 3 scrolls of magic mapping {unknown}
 n - 2 scrolls of teleportation {unknown}
 p - 2 scrolls of silence {unknown}
 u - a scroll of blinking {unknown}
 y - a scroll of immolation {unknown}
Potions
 r - a potion of invisibility {unknown}
 s - a potion of magic
 v - a potion of haste
 w - a potion of heal wounds {unknown}
 x - 4 potions of curing


   Skills:
 - Level 8.7 Fighting
 - Level 1.7 Dodging
 - Level 11.4 Unarmed Combat
 - Level 2.0 Spellcasting
 + Level 5.7 Transmutations


You had 10 spell levels left.
You knew the following spells:

 Your Spells              Type           Power      Damage    Failure   Level
a - Beastly Appendage     Tmut           42%        N/A       1%          1
b - Wereblood             Tmut           21%        N/A       2%          2

Your spell library contained the following spells:

 Spells                   Type           Power      Damage    Failure   Level
 Summon Small Mammal      Summ           4%         N/A       19%         1
 Spider Form              Tmut/Pois      5%         N/A       19%         3
 Call Imp                 Summ           1%         N/A       28%         2
 Hydra Form               Tmut           10%        N/A       45%         5
 Call Canine Familiar     Summ           1%         N/A       50%         3
 Summon Guardian Golem    Hex/Summ       1%         N/A       50%         3
 Ice Form                 Ice/Tmut       11%        N/A       52%         4
 Summon Ice Beast         Ice/Summ       1%         N/A       88%         4
 Summon Lightning Spire   Summ/Air       1%         N/A       88%         4


Dungeon Overview and Level Annotations

Branches:
Dungeon (10/15)            Temple (1/1) D:6
   Lair: D:8-11         Orc: D:9-12

Altars:
Cheibriados
Dithmenos
Elyvilon
Fedhas
Gozag
Hepliaklqana
Kikubaaqudgha
Makhleb
Nemelex Xobeh
Okawaru
Qazlal
Sif Muna
Trog
Uskayaw
Vehumet
Wu Jian
Yredelemnul
Zin
The Shining One


Innate Abilities, Weirdness & Mutations

You have temporarily grown beastly horns and talons.
You can breathe waves of freezing cold which knock back foes.
Your icy white scales are hard. (AC +7)
You cannot fit into any form of body armour.
Your flesh is cold resistant. (rC+)
You are cold-blooded and may be slowed by cold attacks.


Message History

The boulder beetle is moderately wounded.
You hit the boulder beetle but do no damage.
You claw the boulder beetle.
You punch the boulder beetle, but do no damage.
The boulder beetle is moderately wounded.
The boulder beetle bites you but does no damage.
You hit the boulder beetle but do no damage.
You claw the boulder beetle, but do no damage.
You headbutt the boulder beetle, but do no damage.
You tail-slap the boulder beetle, but do no damage.
You punch the boulder beetle, but do no damage.
The boulder beetle is moderately wounded.
The boulder beetle bites you!
You punch the boulder beetle!
The boulder beetle is moderately wounded.
The boulder beetle bites you!
You hit the boulder beetle but do no damage.
You claw the boulder beetle, but do no damage.
You headbutt the boulder beetle, but do no damage.
The boulder beetle is moderately wounded.
The boulder beetle bites you!!
You hit the boulder beetle but do no damage.
You claw the boulder beetle, but do no damage.
You tail-slap the boulder beetle, but do no damage.
The boulder beetle is moderately wounded.
You hit the boulder beetle but do no damage.
You claw the boulder beetle, but do no damage.
The boulder beetle is moderately wounded.
The boulder beetle leaps!
The boulder beetle bites you!!
* * * LOW HITPOINT WARNING * * *
The boulder beetle bites you!
* * * LOW HITPOINT WARNING * * *
Your transformation is almost over.
The boulder beetle curls into a ball and begins rolling!
There is an open door here.
There is an open door here.
The boulder beetle hits you!!!
Ouch! That really hurt!
You die...

#####.####)##........#######.#
#........)[...................
##########.#.###############.#
#######.#.# ..# #.#
#.......#.# ##. #.#
#.#####.#.## #)# ####.#
#.#####....##+##!# #.....
#..........#8..#)+ #....#
########..@B○..#$# #.....
#...##°##)# +#####.#
#...##°8#$#8.#......
#...##°.###..###.#.#
#...###..'..# #.#.#
#.....##########.#.# #..##.#
#........# #..##.# #.####.###
#.[...# #.# #.#


You could see a boulder beetle.

Vanquished Creatures
  A boulder beetle (D:8)
  A hornet (D:7)
  A troll (D:6)
  Sigmund (D:3)
  2 steam dragons
  3 water moccasins (D:6)
  2 orc warriors
  2 sky beasts
  2 ogres (D:5)
  A black bear (D:6)
  2 centaurs (D:6)
  A phantom (D:5)
  A kobold brigand (D:8)
  2 bullfrogs (D:8)
  A gnoll sergeant (D:4)
  2 scorpions (D:4)
  4 wights
  3 howler monkeys (D:7)
  3 centaur zombies
  3 hounds (D:5)
  A jelly (D:7)
  7 orc priests
  Crazy Yiuf (D:5)
  5 iguanas
  Ijyb (D:4)
  An orc wizard (D:8)
  3 killer bee zombies
  2 hound skeletons (D:5)
  A mummy (D:7)
  5 gnolls
  A howler monkey skeleton (D:5)
  A shadow imp (D:6)
  2 white imps (D:7)
  3 ufetubi
  5 worms
  3 dart slugs
  22 orcs
  5 bats
  6 endoplasms
  5 giant cockroaches
  13 goblins
  12 hobgoblins
  3 jackals
  12 kobolds
  5 quokkas
  4 ball pythons
  9 frilled lizards
  A hobgoblin zombie (D:7)
  2 kobold zombies (D:7)
  An orc zombie (D:7)
  9 rats
189 creatures vanquished.

Vanquished Creatures (others)
  A fungus (D:5)
  13 plants (D:1)
14 creatures vanquished.

Grand Total: 203 creatures vanquished

Notes
Turn   | Place    | Note
-------+----------+-------------------------------------------
     0 | D:1      | polve the Draconian Transmuter began the quest for the Orb.
     0 | D:1      | Reached XP level 1. HP: 16/16 MP: 3/3
   189 | D:1      | Reached XP level 2. HP: 20/23 MP: 5/5
  1091 | D:2      | Reached XP level 3. HP: 28/28 MP: 6/6
  1424 | D:2      | Found a sparkling altar of Nemelex Xobeh.
  1924 | D:3      | Noticed Sigmund
  1938 | D:3      | Killed Sigmund
  1939 | D:3      | Reached skill level 5 in Transmutations
  1939 | D:3      | Reached XP level 4. HP: 3/36 MP: 7/7
  1939 | D:3      | Reached XP level 5. HP: 3/41 MP: 8/8
  2270 | D:3      | Reached skill level 4 in Unarmed Combat
  2510 | D:3      | Learned a level 2 spell: Wereblood
  2902 | D:3      | Reached XP level 6. HP: 29/50 MP: 7/9
  4472 | D:4      | Noticed Ijyb
  4510 | D:4      | Killed Ijyb
  4520 | D:4      | Reached skill level 5 in Unarmed Combat
  5160 | D:4      | Your scales start taking on an icy white colour.
  5160 | D:4      | Reached XP level 7. HP: 54/57 MP: 8/10
  5160 | D:4      | Gained mutation: Your flesh is cold resistant. (rC+) [White
                  | Draconian growth]
  5218 | D:4      | Reached skill level 6 in Unarmed Combat
  5287 | D:4      | Found a bloodstained altar of Trog.
  5459 | D:4      | Found an opulent altar of Gozag.
  5713 | D:5      | Entered Level 5 of the Dungeon
  6032 | D:5      | Reached skill level 7 in Unarmed Combat
  6245 | D:5      | You fall into a shaft and drop 3 floors!
  6246 | D:8      | Noticed a steam dragon
  6258 | D:8      | Killed a steam dragon
  6259 | D:8      | Reached skill level 5 in Fighting
  6259 | D:8      | Reached XP level 8. HP: 25/68 MP: 11/11
  6725 | D:8      | Noticed a boulder beetle
  6772 | D:8      | Reached skill level 8 in Unarmed Combat
  7571 | D:7      | Noticed a hornet
  7736 | D:6      | Reached skill level 9 in Unarmed Combat
  8274 | D:5      | Identified the +6 leather armour "Opheoruirgh" {*Drain
                  | +Blink Regen+ Str+8}
  8322 | D:5      | Found a runed translucent door.
  8323 | D:5      | Identified the +4 mace "Efo Vauh" {vorpal, rPois Stlth+}
  8323 | D:5      | Noticed Crazy Yiuf
  8332 | D:5      | Killed Crazy Yiuf
  8414 | D:6      | Reached XP level 9. HP: 78/78 MP: 12/12
  8565 | D:6      | Noticed a troll
  8574 | D:6      | Killed a troll
  8734 | D:6      | Found a staircase to the Ecumenical Temple.
  8924 | D:6      | Reached skill level 10 in Unarmed Combat
  8934 | Temple   | Entered the Ecumenical Temple
 10743 | D:7      | You fall into a shaft and drop 3 floors!
 10743 | D:10     | Entered Level 10 of the Dungeon
 10964 | D:8      | Killed a boulder beetle
 10965 | D:8      | Reached skill level 11 in Unarmed Combat
 10965 | D:8      | Reached XP level 10. HP: 37/90 MP: 9/13
 11842 | D:7      | Found a stormy altar of Qazlal.
 12209 | D:7      | Noticed a boulder beetle
 12233 | D:7      | Annihilated by a boulder beetle

Illustrated notes

Levels and vault maps discovered:
D:1:      lightli_arrival_chessboard, layout_basic, st_stairs_10, hex_medium,
          serial_bayou_lagoon_a
D:2:      layout_rooms, nemelex_diamond_rough_becter
D:3:      minmay_bubble_buster, layout_loops_corners, uniq_sigmund
D:4:      layout_rooms, lemuel_round_altar, grunt_ministairs_14,
          trog_hazing_becter, uniq_ijyb
D:5:      layout_basic, uniq_crazy_yiuf_cottage
D:6:      wander_river, layout_cave_pools, minmay_temple_entry_offerings,
          chequers_serial_rivers_small_3
D:7:      minmay_chambers_of_sixes, layout_basic, lemuel_crystal_altar,
          minmay_mini_ossuary
D:8:      layout_loops_ring, nicolae_ossuary_entry_monument,
          nrook_mini_backslash, minmay_chambers_of_fives
D:9:      layout_grid_maze, chequers_temple_overflow_minitemple, minivault_15
D:10:     layout_layer_cave, hangedman_abyss_or_decor_stagger, minmay_microvault
Temple:   bh_familiar_temple

Skill      XL: |  1  2  3  4  5  6  7  8  9 |
---------------+----------------------------+-----
Transmutations | 3 5 |  5.7
Fighting       | 2 3 5 6 8 |  8.7
Unarmed Combat | 4 5 7 9 11 | 11.4
Dodging        | |  1.7
Spellcasting   | |  2.0

Action                   |  1- 3 |  4- 6 |  7- 9 | 10-12 || total
-------------------------+-------+-------+-------+-------++-------
Melee: Unarmed           |   131 |   159 |   333 |    50 ||   673
       Kick              |    27 |    34 |    64 |    10 ||   135
       Tailslap          |    17 |    12 |    46 |     5 ||    80
       Headbutt          |    15 |    18 |    31 |     4 ||    68
       Punch             |     2 |     3 |     8 |     2 ||    15
 Cast: Beastly Appendage |    18 |    32 |    31 |     5 ||    86
       Wereblood         |       |       |     5 |     2 ||     7
 Abil: Breathe Frost     |       |       |    30 |     1 ||    31
  Use: Potion            |       |     4 |     5 |       ||     9
 Stab: Sleeping          |     2 |       |       |       ||     2
Armor: Skin              |    39 |    33 |    96 |    12 ||   180
Dodge: Dodged            |    84 |    62 |   177 |    24 ||   347

Table legend: (Time is in decaauts)
 A = Elapsed time spent in this place.
 B = Non-inter-level travel time spent in this place.
 C = Inter-level travel time spent in this place.
 D = Time resting spent in this place.
 E = Time spent auto-exploring this place.
 F = Levels seen in this place.
 G = Mean time per level.
                   A        B        C        D        E       F      G
               +--------+--------+--------+--------+--------+-----+--------+
         Total |  12180 |  11788 |    392 |    243 |   9988 |  11 | 1107.3 |
       Dungeon |  11917 |  11551 |    366 |    243 |   9752 |  10 | 1191.7 |
        Temple |    263 |    237 |     26 |      0 |    236 |   1 |  263.0 |
               +--------+--------+--------+--------+--------+-----+--------+

Top non-repeatable levels by time:
     D:3: 2628 daAuts
     D:7: 2047 daAuts
     D:8: 1426 daAuts
     D:5: 1321 daAuts
     D:6: 1232 daAuts
     D:4: 1154 daAuts
     D:1: 1109 daAuts
     D:2: 810 daAuts
  Temple: 263 daAuts
    D:10: 134 daAuts
     D:9: 52 daAuts
